PCL
TEXARKANA BEARS @ VANCOUVER VIPERS
06/16/2030
 
TOP OF THE 1ST
Texarkana Bears batting - Pitching for Vancouver Vipers : LHP Scott Davis
Pitching: LHP Scott Davis
Batting: LHB Alberto Medine 0-0: Foul Ball, location: 2F
0-1: Called Strike
0-2: Strikes out looking
Batting: RHB Jaime Delgado 0-0: Ball
1-0: Foul Ball, location: 2F
1-1: Ball
2-1: Ball
3-1: Swinging Strike
3-2: Base on Balls
Batting: RHB Billy Campbell 0-0: Called Strike
Jaime Delgado steals 2nd base
0-1: Foul Ball, location: 2F
0-2: SINGLE (Groundball, 56S) (infield hit)
Jaime Delgado to third
Batting: RHB Lu-fang Huie 0-0: Ball
1-0: Ball
2-0: Ball
3-0: Base on Balls
Billy Campbell to second
Batting: RHB Gilberto López 0-0: Called Strike
0-1: Foul Ball, location: 2F
0-2: Ball
1-2: Ball
2-2: Fly out, F7 (Flyball, 7LMF)
Runner from 3rd tags up, SCORES, no throw
Batting: RHB Marvin Johnson 0-0: Fly out, F9 (Flyball, 89M)
Top of the 1st over - 1 run, 1 hit, 0 errors, 2 left on base; Texarkana 1 - Vancouver 0
BOTTOM OF THE 1ST
Vancouver Vipers batting - Pitching for Texarkana Bears : RHP Jesús Sosa
Pitching: RHP Jesús Sosa
Batting: RHB Jesús Hernández 0-0: Called Strike
0-1: Ball
1-1: Foul Ball, location: 2F
1-2: Foul Ball, location: 2F
1-2: Fly out, F7 (Flyball, 78S)
Batting: SHB Henry Copeland 0-0: Ball
1-0: Ground out U3 (Groundball, 3)
Batting: LHB Benny Richard 0-0: Swinging Strike
0-1: Called Strike
0-2: Ball
1-2: Strikes out swinging
Bottom of the 1st over - 0 runs, 0 hits, 0 errors, 0 left on base; Texarkana 1 - Vancouver 0
TOP OF THE 2ND
Texarkana Bears batting - Pitching for Vancouver Vipers : LHP Scott Davis
Batting: RHB Roger Rush 0-0: Ball
1-0: SINGLE (Line Drive, 7LM)
Batting: RHB Steve Garneys 0-0: Called Strike
0-1: Swinging Strike
0-2: Ball
1-2: Ball
2-2: Strikes out swinging
Batting: LHB Cam Flowers 0-0: Ball
Roger Rush steals 2nd base
1-0: Ball
2-0: Ball
3-0: Called Strike
3-1: Called Strike
3-2: Base on Balls
Batting: LHB Alberto Medine 0-0: Fielders Choice at 2nd, 3-6 (Groundball, 34)
Roger Rush to third
Batting: RHB Jaime Delgado 0-0: Ball
1-0: Fielders Choice at 2nd, 6-4 (Groundball, 6)
Top of the 2nd over - 0 runs, 1 hit, 0 errors, 2 left on base; Texarkana 1 - Vancouver 0
BOTTOM OF THE 2ND
Vancouver Vipers batting - Pitching for Texarkana Bears : RHP Jesús Sosa
Batting: LHB Collin Smith 0-0: Ball
1-0: Ground out 1-3 (Groundball, P)
Batting: LHB Jerry Johnston 0-0: Ground out 5-3 (Groundball, 5L)
Batting: RHB Horace Johnson 0-0: Called Strike
0-1: Called Strike
0-2: Foul Ball, location: 2F
0-2: SINGLE (Groundball, 56) (infield hit)
Batting: LHB Nick Gamble 0-0: Called Strike
0-1: Ball
1-1: Ball
2-1: Ball
3-1: Called Strike
3-2: Base on Balls
Horace Johnson to second
Batting: RHB Rob Brady 0-0: Called Strike
0-1: Ball
1-1: Foul Ball, location: 2F
1-2: Strikes out looking
Bottom of the 2nd over - 0 runs, 1 hit, 0 errors, 2 left on base; Texarkana 1 - Vancouver 0
TOP OF THE 3RD
Texarkana Bears batting - Pitching for Vancouver Vipers : LHP Scott Davis
Batting: RHB Billy Campbell 0-0: Called Strike
0-1: Swinging Strike
0-2: Ball
1-2: Foul Ball, location: 2F
1-2: Foul Ball, location: 2F
1-2: Ball
2-2: Ball
3-2: Foul Ball, location: 2F
3-2: Strikes out looking
Batting: RHB Lu-fang Huie 0-0: SINGLE (Groundball, 56D)
Batting: RHB Gilberto López 0-0: Ball
1-0: Called Strike
1-1: Fielders Choice at 2nd, 5-4 (Groundball, 56)
Batting: RHB Marvin Johnson 0-0: Ball
1-0: Called Strike
1-1: DOUBLE (Line Drive, 7LD)
Gilberto López to third
Runner from 3rd tries for Home, SAFE, no throw
Batting: RHB Roger Rush 0-0: Called Strike
0-1: Called Strike
0-2: Ball
1-2: Strikes out swinging
Top of the 3rd over - 1 run, 2 hits, 0 errors, 1 left on base; Texarkana 2 - Vancouver 0
BOTTOM OF THE 3RD
Vancouver Vipers batting - Pitching for Texarkana Bears : RHP Jesús Sosa
Batting: LHB Brian Ford 0-0: Called Strike
0-1: Ball
1-1: SINGLE (Line Drive, 34D)
Batting: RHB Jesús Hernández 0-0: Ball
1-0: Fly out, F8 (Line Drive, 8LM)
Batting: SHB Henry Copeland 0-0: Foul Ball, location: 2F
0-1: SINGLE (Groundball, 56D)
Brian Ford to second
Batting: LHB Benny Richard 0-0: Foul Ball, location: 2F
0-1: Ball
1-1: SINGLE (Groundball, 34D)
Brian Ford to third
Henry Copeland to second
Runner from 3rd tries for Home, SAFE, throw made home
Batting: LHB Collin Smith 0-0: Foul Ball, location: 2F
0-1: Grounds into double play, 4-6-3 (Groundball, 4)
Bottom of the 3rd over - 1 run, 3 hits, 0 errors, 1 left on base; Texarkana 2 - Vancouver 1
TOP OF THE 4TH
Texarkana Bears batting - Pitching for Vancouver Vipers : LHP Scott Davis
Batting: RHB Steve Garneys 0-0: Foul Ball, location: 2F
0-1: Foul Ball, location: 2F
0-2: Ball
1-2: Strikes out swinging
Batting: LHB Cam Flowers 0-0: Called Strike
0-1: Ball
1-1: Ball
2-1: Ground out 4-3 (Groundball, 4)
Batting: LHB Alberto Medine 0-0: Called Strike
0-1: Swinging Strike
0-2: Ball
1-2: Foul Ball, location: 2F
1-2: Ball
2-2: Foul Ball, location: 2F
2-2: Foul Ball, location: 2F
2-2: Foul Ball, location: 2F
2-2: Ball
3-2: Base on Balls
Batting: RHB Jaime Delgado 0-0: Ball
1-0: Called Strike
1-1: Called Strike
1-2: Ball
2-2: Strikes out swinging
Top of the 4th over - 0 runs, 0 hits, 0 errors, 1 left on base; Texarkana 2 - Vancouver 1
BOTTOM OF THE 4TH
Vancouver Vipers batting - Pitching for Texarkana Bears : RHP Jesús Sosa
Batting: LHB Jerry Johnston 0-0: Fly out, F8 (Flyball, 8RD)
Batting: RHB Horace Johnson 0-0: Ball
1-0: Foul Ball, location: 2F
1-1: Ground out 6-3 (Groundball, 6D)
Batting: LHB Nick Gamble 0-0: Called Strike
0-1: Ball
1-1: Ball
2-1: Fly out, F8 (Line Drive, 8RM)
Bottom of the 4th over - 0 runs, 0 hits, 0 errors, 0 left on base; Texarkana 2 - Vancouver 1
TOP OF THE 5TH
Texarkana Bears batting - Pitching for Vancouver Vipers : LHP Scott Davis
Batting: RHB Billy Campbell 0-0: Called Strike
0-1: Swinging Strike
0-2: Strikes out looking
Batting: RHB Lu-fang Huie 0-0: Called Strike
0-1: Ball
1-1: Ball
2-1: Ball
3-1: Base on Balls
Batting: RHB Gilberto López 0-0: Ball
1-0: Grounds into double play, 5-4-3 (Groundball, 56)
Top of the 5th over - 0 runs, 0 hits, 0 errors, 0 left on base; Texarkana 2 - Vancouver 1
BOTTOM OF THE 5TH
Vancouver Vipers batting - Pitching for Texarkana Bears : RHP Jesús Sosa
Batting: RHB Rob Brady 0-0: Ball
1-0: Fly out, F7 (Flyball, 7)
Pitching: RHP Dave Hammond
Batting: LHB Brian Ford 0-0: Called Strike
0-1: Ball
1-1: Foul Ball, location: 2F
1-2: Ground out 6-3 (Groundball, 6)
Batting: RHB Jesús Hernández 0-0: Called Strike
0-1: Fly out, F8 (Line Drive, 89M)
Bottom of the 5th over - 0 runs, 0 hits, 0 errors, 0 left on base; Texarkana 2 - Vancouver 1
TOP OF THE 6TH
Texarkana Bears batting - Pitching for Vancouver Vipers : LHP Scott Davis
Batting: RHB Marvin Johnson 0-0: Ball
1-0: Called Strike
1-1: Called Strike
1-2: Ground out 5-3 (Groundball, 56)
Batting: RHB Roger Rush 0-0: Ball
1-0: Called Strike
1-1: Ground out 5-3 (Groundball, 56S)
Batting: RHB Steve Garneys 0-0: Ball
1-0: Called Strike
1-1: Foul Ball, location: 2F
1-2: Foul Ball, location: 2F
1-2: Ball
2-2: Strikes out swinging
Top of the 6th over - 0 runs, 0 hits, 0 errors, 0 left on base; Texarkana 2 - Vancouver 1
BOTTOM OF THE 6TH
Vancouver Vipers batting - Pitching for Texarkana Bears : RHP Dave Hammond
Batting: SHB Henry Copeland 0-0: Foul Ball, location: 2F
0-1: Swinging Strike
0-2: Strikes out looking
Batting: LHB Benny Richard 0-0: Ball
1-0: Called Strike
1-1: Ball
2-1: SINGLE (Line Drive, 4M)
Batting: LHB Collin Smith 0-0: Ball
1-0: Foul Ball, location: 2F
1-1: Fly out, F7 (Flyball, 7S)
Batting: LHB Jerry Johnston 0-0: Called Strike
0-1: Fielders Choice at 2nd, 6-4 (Groundball, 56)
Bottom of the 6th over - 0 runs, 1 hit, 0 errors, 1 left on base; Texarkana 2 - Vancouver 1
TOP OF THE 7TH
Texarkana Bears batting - Pitching for Vancouver Vipers : LHP Scott Davis
Pitching: RHP Pedro Santiago
Batting: LHB Cam Flowers 0-0: Ball
1-0: SINGLE (Groundball, 4MD)
Batting: LHB Alberto Medine 0-0: Called Strike
0-1: Foul Ball, location: 2F
0-2: Strikes out looking
Pinch Hitting: LHB Tom Mullins 0-0: Called Strike
0-1: Called Strike
0-2: Ball
1-2: Grounds into double play, 6-4-3 (Groundball, 6M)
Top of the 7th over - 0 runs, 1 hit, 0 errors, 0 left on base; Texarkana 2 - Vancouver 1
BOTTOM OF THE 7TH
Vancouver Vipers batting - Pitching for Texarkana Bears : RHP Dave Hammond
Now in CF: Sadao Kimura
Batting: RHB Horace Johnson 0-0: Called Strike
0-1: Ball
1-1: Ball
2-1: Called Strike
2-2: Ball
3-2: Base on Balls
Batting: LHB Nick Gamble 0-0: Ball
1-0: Foul Ball, location: 2F
1-1: Foul Ball, location: 2F
1-2: Ball
2-2: Ball
3-2: TRIPLE (Line Drive, 8RXD)
Horace Johnson scores
Batting: RHB Rob Brady 0-0: Intentional Walk
Batting: LHB Brian Ford 0-0: Ball
1-0: Swinging Strike
1-1: Foul Ball, location: 2F
1-2: Ball
2-2: SINGLE (Groundball, 4D)
Nick Gamble scores
Rob Brady to second
Runner from 2nd tries for 3rd, SAFE, throw made to third
Batting: RHB Jesús Hernández 0-0: Ball
1-0: SINGLE (Groundball, 56D)
Rob Brady scores
Brian Ford to second
Pitching: RHP António Ramírez
Batting: SHB Henry Copeland 0-0: Sac Bunt - play at first, batter OUT! U3
Brian Ford to third
Jesús Hernández to second
Batting: LHB Benny Richard 0-0: Called Strike
0-1: Fly out, F7 (Flyball, 7D)
Runner from 3rd tags up, SCORES, throw made
Batting: LHB Collin Smith 0-0: Called Strike
0-1: Foul Ball, location: 2F
0-2: Ball
1-2: Foul Ball, location: 2F
1-2: Ball
2-2: Foul Ball, location: 2F
2-2: Ball
3-2: SINGLE (Line Drive, 8RS)
Jesús Hernández to third
Jesús Hernández scores
Batting: LHB Jerry Johnston 0-0: Called Strike
0-1: Ball
1-1: Ball
2-1: Called Strike
2-2: SINGLE (Flyball, 7LS)
Collin Smith to second
Batting: RHB Horace Johnson 0-0: Foul Ball, location: 2F
0-1: Foul Ball, location: 2F
0-2: Strikes out looking
Bottom of the 7th over - 5 runs, 5 hits, 0 errors, 2 left on base; Texarkana 2 - Vancouver 6
TOP OF THE 8TH
Texarkana Bears batting - Pitching for Vancouver Vipers : RHP Pedro Santiago
Batting: RHB Billy Campbell 0-0: Ball
1-0: Ball
2-0: Ball
3-0: Base on Balls
Batting: RHB Lu-fang Huie 0-0: Ball
1-0: Foul Ball, location: 2F
1-1: Swinging Strike
1-2: Strikes out swinging
Batting: RHB Gilberto López 0-0: Called Strike
0-1: Ball
1-1: Ball
2-1: Swinging Strike
2-2: Ball
3-2: Foul Ball, location: 2F
3-2: Foul Ball, location: 2F
3-2: Foul Ball, location: 2F
3-2: DOUBLE (Line Drive, 7LM)
Billy Campbell to third
Batting: RHB Marvin Johnson 0-0: Ball
1-0: Called Strike
1-1: SINGLE (Groundball, 56D)
Billy Campbell scores
Gilberto López to third
Runner from 3rd tries for Home, throw and OUT!
Batting: RHB Roger Rush 0-0: Called Strike
0-1: Swinging Strike
0-2: Strikes out swinging
Top of the 8th over - 1 run, 2 hits, 0 errors, 1 left on base; Texarkana 3 - Vancouver 6
BOTTOM OF THE 8TH
Vancouver Vipers batting - Pitching for Texarkana Bears : RHP António Ramírez
Batting: LHB Nick Gamble 0-0: Called Strike
0-1: Ball
1-1: Ball
2-1: Ball
3-1: Fly out, F8 (Flyball, 8LM)
Batting: RHB Rob Brady 0-0: SINGLE (Line Drive, 78M)
Batting: LHB Brian Ford 0-0: Called Strike
0-1: Called Strike
Rob Brady steals 2nd base
0-2: Foul Ball, location: 2F
0-2: Ground out 4-3 (Groundball, 4)
Rob Brady to third
Batting: RHB Jesús Hernández 0-0: Ball
1-0: Called Strike
1-1: Ground out 1-3 (Groundball, 15)
Bottom of the 8th over - 0 runs, 1 hit, 0 errors, 1 left on base; Texarkana 3 - Vancouver 6
TOP OF THE 9TH
Texarkana Bears batting - Pitching for Vancouver Vipers : RHP Pedro Santiago
Pitching: RHP José González
Batting: RHB Steve Garneys 0-0: Called Strike
0-1: Ball
1-1: Foul Ball, location: 2F
1-2: DOUBLE (Line Drive, 9LS)
Batting: LHB Cam Flowers 0-0: Foul Ball, location: 2F
0-1: Ball
1-1: Foul Ball, location: 2F
1-2: Ball
2-2: SINGLE (Groundball, 6MD)
Steve Garneys to third
Batting: LHB Alberto Medine 0-0: Called Strike
0-1: Ball
1-1: Ball
2-1: Ball
3-1: Swinging Strike
3-2: Fly out, F4 (Line Drive, 4M)
Lined into DP, 4-3 (Line Drive, 4M)
Batting: RHB Sadao Kimura 0-0: Ball
1-0: Ball
2-0: Ground out 6-3 (Groundball, 56)
Top of the 9th over - 0 runs, 2 hits, 0 errors, 1 left on base; Texarkana 3 - Vancouver 6
Saturday, April 7th, 2018 - OOTP Baseball 18.8 Build 76